 Dungeon Crawl Stone Soup version 0.29-a0-219-g0a02b1cf4f (webtiles) character file.

Game seed: 8953140191109580705

326 freelancePsychic the Caller (level 6, -1/34 (35) HPs)
             Began as a Kobold Wanderer on Feb 25, 2022.
             Was an Initiate of Ashenzari.
             Slain by an orc warrior
             ... wielding a +0 short sword
              (12 damage)
             ... on level 3 of the Dungeon.
             The game lasted 00:11:32 (4804 turns).

freelancePsychic the Caller (Kobold Wanderer)       Turns: 4804, Time: 00:11:33

HP:   -1/34 (35)    AC:  4    Str:  7    XL:     6   Next: 78%
MP:   2/11          EV: 13    Int: 18    God:    Ashenzari [......]
Gold: 57            SH:  0    Dex: 14    Spells: 4/12 levels left

rFire   . . .      SeeInvis .   l - +3 dagger (drain)
rCold   . . .      Faith    .   (no shield)
rNeg    . . .      Spirit   .   b - +0 robe
rPois   .          Reflect  .   n - +0 helmet
rElec   .          Harm     .   (no cloak)
rCorr   .          Rampage  .   (no gloves)
Will    .....                   c - +0 pair of boots
Stlth   +++.......              i - amulet of regeneration
HPRegen 0.91/turn               (no ring)
MPRegen 0.12/turn               (no ring)

@: about to teleport, lightly drained
A: small, no large weapons, nightstalker 3
a: Renounce Religion


You were on level 3 of the Dungeon.
You worshipped Ashenzari.
Ashenzari was noncommittal.
You visited 2 branches of the dungeon, and saw 5 of its levels.

You collected 123 gold pieces.
You spent 66 gold pieces at shops.

Inventory:

Hand Weapons
 l - a +3 dagger of draining (weapon)
Armour
 b - a +0 robe (worn)
 c - a +0 pair of boots (worn)
 n - a +0 helmet (worn)
Jewellery
 i - an amulet of regeneration (around neck)
Wands
 k - a wand of iceblast (9)
Scrolls
 d - a scroll of silence
Potions
 e - a potion of haste {unknown}
 f - a potion of mutation {unknown}
 g - a potion of flight
 j - a potion of brilliance
 m - a potion of magic {unknown}


   Skills:
 + Level 2.0 Fighting
 - Level 2.6 Stealth
 - Level 3.6 Spellcasting
 * Level 5.9 Summonings
 - Level 1.0 Transmutations
 + Level 1.3 Ice Magic
 - Level 1.2 Evocations


You had 4 spell levels left.
You knew the following spells:

 Your Spells              Type           Power      Damage    Failure   Level
a - Summon Small Mammal   Summ           96%        N/A       1%          1
b - Call Canine Familiar  Summ           24%        N/A       4%          3
c - Summon Ice Beast      Ice/Summ       16%        N/A       34%         4

Your spell library contained the following spells:

 Spells                   Type           Power      Damage    Failure   Level
 Beastly Appendage        Tmut           12%        N/A       10%         1
 Ignite Poison            Fire/Tmut/Pois 4%         N/A       36%         3
 Animate Armour           Summ/Erth      26%        N/A       41%         4
 Stone Arrow              Conj/Erth      6%         3d7       43%         3
 Lehudib's Crystal Spear  Conj/Erth      1%         10d2      100%        8


Dungeon Overview and Level Annotations

Branches:
Dungeon (4/15)             Temple (1/1) D:4

Altars:
Ashenzari
Hepliaklqana
Makhleb
Nemelex Xobeh
Okawaru
Ru
Sif Muna
Trog
Uskayaw
Vehumet
Wu Jian
Lugonu

Shops:
D:1 ?

Annotations:
D:2 Natasha, Terence
D:3 exclusion: kobold brigand


Innate Abilities, Weirdness & Mutations

You are small and have problems with some larger weapons.
You are completely attuned to the shadows.


Message History

The nameless horror misses you.
Unknown command.
There is a stone staircase leading down here.
There is a stone staircase leading up here.
The orc warrior completely misses you.
You climb upwards.
Level annotation: exclusion: kobold brigand
There is a stone staircase leading down here.
The orc warrior hits you with a +0 short sword!
The orc warrior completely misses you.
Found a scale mail.
Casting: Call Canine Familiar (dangerous; 4% risk of failure)
Confirm with . or Enter, or press ? or * to list all spells.
The orc warrior hits you with a +0 short sword.
You swap places.
Your hound barely misses the orc warrior.
The orc warrior hits your hound with a +0 short sword!
Your hound bites the orc warrior but does no damage.
The orc warrior hits you with a +0 short sword!
Your hound bites the orc warrior but does no damage.
You hit the orc warrior but do no damage.
You drain the orc warrior.
The orc warrior is lightly wounded.
Your hound bites the orc warrior.
The orc warrior hits you with a +0 short sword.
You closely miss the orc warrior.
The orc warrior is lightly wounded.
Your hound completely misses the orc warrior.
The orc warrior closely misses you.
Your hound barely misses the orc warrior.
You hit the orc warrior but do no damage.
The orc warrior is lightly wounded.
Your hound barely misses the orc warrior.
The orc warrior hits you with a +0 short sword!
* * * LOW HITPOINT WARNING * * *
As you read the scroll of teleportation {@r4}, it crumbles to dust.
You feel strangely unstable.
Your hound bites the orc warrior but does no damage.
The orc warrior hits you with a +0 short sword!
You die...

#.###########.# #.# #.#.
#..........##.## #.# #.## ##
################ #.# #.## .#
###>### #.# #.## .# #8...8#
#.# #.# .# ##.....## #.# #.##
.# #8.....8# #.# #.#. .#
#####...o.## #.# #.#.
.#########..##8.@h8# #.# #.#.
.......))...##.....# #.# #.#.
.#########..#8.....8# #.###.#.
.##### #..##[....## #.#.....
.....# #..##8...8# #.#.#.#.
####.# #######_### #.#...#.
#.# ##### #.#####. #.#
########..# ###.......
#.###.....##.########...######


You could see an orc warrior (drained, ally target) and a friendly hound
(summoned).

Vanquished Creatures
  2 adders
  A dart slug (D:2)
  2 orcs
  5 endoplasms
  3 giant cockroaches
  6 goblins
  3 hobgoblins (D:1)
  2 jackals (D:1)
  A quokka (D:3)
  4 ball pythons
  2 frilled lizards
  A kobold (D:1)
  4 rats
36 creatures vanquished.

Vanquished Creatures (collateral kills)
  An ogre (D:4)
  Natasha (twice) (D:3 D:2)
  An iguana (D:3)
  An orc wizard (D:4)
  Robin (D:4)
  3 gnolls (D:3)
  2 adders
  An ufetubus (D:4)
  A ball python (D:1)
  A bat (D:1)
  A hobgoblin (D:1)
  A jackal (D:1)
  3 kobolds
  2 quokkas
  A frilled lizard (D:3)
  6 goblins
28 creatures vanquished.

Vanquished Creatures (others)
  A plant (D:1)
1 creature vanquished.

Grand Total: 65 creatures vanquished

Notes
Turn   | Place    | Note
-------+----------+-------------------------------------------
     0 | D:1      | freelancePsychic the Kobold Wanderer began the quest for
                  | the Orb.
     0 | D:1      | freelancePsychic set off with the following items: a +0
                  | dagger, a +0 robe, a +0 pair of boots; and the following
                  | spells available to memorise: Summon Small Mammal, Beastly
                  | Appendage, Call Canine Familiar, Ignite Poison, Summon Ice
                  | Beast
     0 | D:1      | Reached XP level 1. HP: 12/12 MP: 3/3
    52 | D:1      | Learned a level 1 spell: Summon Small Mammal
   165 | D:1      | Reached XP level 2. HP: 16/16 MP: 1/5
   464 | D:1      | Found Zuroos's Magic Scroll Shop.
   612 | D:1      | Found a faded altar of an unknown god.
   631 | D:1      | Reached XP level 3. HP: 18/20 MP: 3/6
   941 | D:2      | Learned a level 3 spell: Call Canine Familiar
  1161 | D:2      | Reached skill level 4 in Summonings
  1639 | D:1      | Bought a scroll of identify for 22 gold pieces
  1639 | D:1      | Bought a scroll of identify for 22 gold pieces
  1639 | D:1      | Bought a scroll of identify for 22 gold pieces
  1718 | D:2      | Noticed Terence
  1924 | D:3      | Found a bloodstained altar of Trog.
  1951 | D:3      | Noticed Natasha
  1961 | D:3      | HP: 1/20 [Natasha (2)]
  1962 | D:3      | Killed Natasha
  1963 | D:3      | Reached XP level 4. HP: 2/25 MP: 3/8
  2504 | D:3      | Noticed a kobold brigand
  2599 | D:3      | Noticed Natasha
  2631 | D:2      | Killed Natasha
  2632 | D:2      | Reached XP level 5. HP: 18/29 MP: 3/9
  2638 | D:2      | Noticed Natasha
  3223 | D:3      | Found an iron altar of Okawaru.
  3306 | D:3      | Reached skill level 5 in Summonings
  3742 | D:4      | Noticed an ogre
  3922 | D:4      | Noticed Robin
  3950 | D:4      | Killed Robin
  3951 | D:4      | Reached XP level 6. HP: 28/34 MP: 5/11
  4065 | D:4      | Found a staircase to the Ecumenical Temple.
  4080 | D:4      | Killed an ogre
  4081 | D:4      | Reached skill level 1 in Ice Magic
  4083 | Temple   | Entered the Ecumenical Temple
  4224 | Temple   | Became a worshipper of Ashenzari the Shackled
  4301 | D:4      | Noticed an orc warrior
  4589 | D:4      | Learned a level 4 spell: Summon Ice Beast
  4715 | D:4      | Noticed a necrophage
  4717 | D:4      | Noticed a nameless horror
  4804 | D:3      | Slain by an orc warrior

Illustrated notes

Levels and vault maps discovered:
D:1:      dpeg_arrival_tiny_f, layout_rooms, shapermc_ecumenical_altar_ellora,
          serial_shops, shop
D:2:      layout_rooms, uniq_terence
D:3:      layout_basic, nicolae_overflow_hidden_temple,
          mainiacjoe_overflow_alcove_2, kennysheep_cluttered_room, uniq_natasha
D:4:      layout_loops_ring, tgw_kikubaaqudgha, minmay_temple_entry_poolview,
          bh_walls_and_bars, uniq_robin
Temple:   kb_corrupted_temple

Skill      XL: |  1  2  3  4  5  6 |
---------------+-------------------+-----
Summonings     | 4 5 |  5.9
Spellcasting   | 3 |  3.6
Ice Magic      | 1 |  1.3
Fighting       | 2 |  2.0
Stealth        | |  2.6
Transmutations | |  1.0
Evocations     | |  1.2

Action                   |  1- 3 |  4- 6 || total
-------------------------+-------+-------++-------
Melee: Dagger            |    77 |    55 ||   132
 Cast: Summon Small Mamm |    24 |    20 ||    44
       Call Canine Famil |     1 |    29 ||    30
  Use: Scroll            |     4 |     3 ||     7
 Stab: Sleeping          |    13 |     8 ||    21
       Distracted        |       |     1 ||     1
Armor: Robe              |    19 |     6 ||    25
Dodge: Dodged            |    53 |    78 ||   131

Table legend: (Time is in decaauts)
 A = Elapsed time spent in this place.
 B = Non-inter-level travel time spent in this place.
 C = Inter-level travel time spent in this place.
 D = Time resting spent in this place.
 E = Time spent auto-exploring this place.
 F = Levels seen in this place.
 G = Mean time per level.
                   A        B        C        D        E       F      G
               +--------+--------+--------+--------+--------+-----+--------+
         Total |   4800 |   4500 |    300 |    318 |   3306 |   5 |  960.0 |
       Dungeon |   4641 |   4357 |    284 |    318 |   3202 |   4 | 1160.2 |
        Temple |    158 |    142 |     16 |      0 |    104 |   1 |  158.0 |
               +--------+--------+--------+--------+--------+-----+--------+

Top non-repeatable levels by time:
     D:3: 2078 daAuts
     D:2: 1046 daAuts
     D:1: 876 daAuts
     D:4: 639 daAuts
  Temple: 158 daAuts
